 Dungeon Crawl Stone Soup version 0.23.2 (webtiles) character file.

Game seed: 3846542358772473530

495 sagitran the Chopper (level 7, -1/61 HPs)
             Began as a Hill Orc Monk on Apr 9, 2019.
             Slain by an ogre
             ... wielding a +0 giant spiked club
              (22 damage)
             ... on level 4 of the Dungeon.
             The game lasted 00:13:59 (3966 turns).

sagitran the Chopper (Hill Orc Monk)                Turns: 3966, Time: 00:14:00

Health: -1/61      AC: 10    Str: 16    XL:     7   Next: 15%
Magic:  7/7        EV:  8    Int: 10    God:
Gold:   162        SH:  0    Dex: 13    Spells: 6/6 levels left

rFire    . . .     SeeInvis +   q - +1 hand axe (chop)
rCold    . . .     Gourm    .   (no shield)
rNeg     . . .     Faith    .   g - +0 chain mail (curse)
rPois    .         Spirit   .   (no helmet)
rElec    .         Reflect  .   (no cloak)
rCorr    .         Harm     .   m - +0 pair of gloves
MR       .....                  (no boots)
Stlth    ..........             (no amulet)
HPRegen  0.20/turn              u - ring of see invisible
MPRegen  0.10/turn              (no ring)

@: no status effects
A: no striking features
a: no special abilities


You were on level 4 of the Dungeon.
You were not hungry.

You visited 1 branch of the dungeon, and saw 5 of its levels.

You collected 162 gold pieces.

Inventory:

Hand Weapons
 a - a +1 hand axe
 q - a +1 hand axe of chopping (weapon)
Armour
 b - a +0 robe
 g - a cursed +0 chain mail (worn)
 m - a +0 pair of gloves (worn)
 r - a +0 plate armour
Jewellery
 u - a ring of see invisible (left hand)
Wands
 p - a wand of paralysis (10)
Scrolls
 e - a scroll of random uselessness {unknown}
 f - a scroll of teleportation
 h - a scroll of remove curse {unknown}
 i - a scroll of magic mapping {unknown}
 j - 2 scrolls of fear {unknown}
 l - a scroll of immolation {unknown}
 n - 4 scrolls of blinking {unknown}
 o - a scroll of fog {unknown}
 t - a scroll of identify
 v - a scroll of noise {unknown}
Potions
 d - 2 potions of curing
 k - a potion of might
 s - 2 potions of heal wounds
 w - a potion of agility {unknown}
Comestibles
 c - 10 rations


   Skills:
 + Level 5.2 Fighting
 + Level 7.8 Axes
 + Level 2.6 Armour
 + Level 3.0 Dodging
 + Level 2.4 Stealth


You had 6 spell levels left.
You didn't know any spells.
Your spell library was empty.

Dungeon Overview and Level Annotations

Branches:
Dungeon (5/15)             Temple (0/1) D:5

Altars:
Makhleb
Sif Muna

Shops:
D:4 %

Annotations:
D:4 Blork the orc


Message History

An ogre comes into view. It is wielding a +0 giant spiked club.
There is an open door here.
The ogre hits you with a +0 giant spiked club!!
You slash the ogre!
The ogre is moderately wounded.
The ogre hits you with a +0 giant spiked club.
You slash the ogre!
The ogre is heavily wounded.
You hit the ogre but do no damage.
The ogre is heavily wounded.
The ogre hits you but does no damage.
You hit the ogre.
The ogre is severely wounded.
The ogre hits you with a +0 giant spiked club!
You barely miss the ogre.
The ogre is severely wounded.
You hit the ogre.
The ogre is severely wounded.
The ogre hits you with a +0 giant spiked club!!
You die...

.......#..........'.......#...#..
.......#..........#.......'...#..
.......###'#####..#.......#####..
#####..........####....####.....#
#..........#..#....#.<#.....#
#........(.#..#....'..#.....'
#..........#..#....##'#.....#
#####.....##O##..............
#..#....(#.@.#..............
#..#.....'...#..............
######..#.....#'###..............
.....#..#....##.#.....#########..
.....#..'....#..#.....#.......#..
.....#..#....#..#.....#.......'..
.....####....#.##.....#...#####..
####......####.#......######....#
...#......#....'......# #....#


You could see an ogre.

Vanquished Creatures
  An ogre (D:4)
  2 hounds (D:4)
  An orc wizard (D:4)
  Natasha (twice) (D:2)
  2 worker ants (D:4)
  12 gnolls
  2 adders
  2 oozes
  5 worms
  2 dart slugs
  4 leopard geckos
  8 orcs
  4 bats
  7 goblins
  6 hobgoblins
  4 kobolds
  3 quokkas (D:2)
  A ball python (D:4)
  3 frilled lizards
  A quokka skeleton (D:4)
  4 rats
76 creatures vanquished.

Notes
Turn   | Place    | Note
-------+----------+-------------------------------------------
     0 | D:1      | sagitran the Hill Orc Monk began the quest for the Orb.
     0 | D:1      | Reached XP level 1. HP: 19/19 MP: 1/1
   360 | D:1      | Reached XP level 2. HP: 14/27 MP: 2/2
   823 | D:1      | You fall through a shaft!
   894 | D:2      | Reached XP level 3. HP: 16/33 MP: 3/3
   989 | D:2      | Noticed Natasha
  1029 | D:2      | Killed Natasha
  1029 | D:2      | Reached skill level 5 in Axes
  1029 | D:2      | Reached XP level 4. HP: 18/40 MP: 4/4
  1421 | D:2      | Noticed Natasha
  1449 | D:2      | Killed Natasha
  1449 | D:2      | Reached XP level 5. HP: 6/46 MP: 5/5
  1464 | D:2      | HP: 2/46 [gnoll/+0 spear (1)]
  1483 | D:2      | Reached skill level 1 in Armour
  1876 | D:3      | Reached skill level 6 in Axes
  1916 | D:4      | Found a burning altar of Makhleb.
  2171 | D:4      | Reached XP level 6. HP: 43/53 MP: 6/6
  2404 | D:3      | Reached skill level 7 in Axes
  2846 | D:3      | Reached skill level 5 in Fighting
  3219 | D:4      | Found Poifuetu's Food Boutique.
  3231 | D:4      | Noticed Blork the orc
  3541 | D:4      | Reached XP level 7. HP: 33/61 MP: 7/7
  3585 | D:4      | Found a deep blue altar of Sif Muna.
  3683 | D:5      | Entered Level 5 of the Dungeon
  3686 | D:5      | Found a staircase to the Ecumenical Temple.
  3966 | D:4      | Slain by an ogre

Skill      XL: |  1  2  3  4  5  6 |
---------------+-------------------+-----
Fighting       | 4 5 |  5.2
Axes           | 5 6 7 |  7.8
Stealth        | 2 |  2.4
Dodging        | 3 |  3.0
Armour         | 1 2 |  2.6

Action                   |  1- 3 |  4- 6 |  7- 9 || total
-------------------------+-------+-------+-------++-------
Melee: Hand axe          |    90 |   225 |    33 ||   348
  Use: Potion            |     4 |     2 |       ||     6
       Scroll            |       |     5 |       ||     5
 Stab: Sleeping          |     4 |       |       ||     4
  Eat: Chunk             |       |     8 |       ||     8
       Ration            |       |     1 |       ||     1
Armor: Robe              |    38 |       |       ||    38
       Chain mail        |     3 |   121 |    13 ||   137
Dodge: Dodged            |   100 |    92 |     9 ||   201
